 Dungeon Crawl Stone Soup version 0.30-a0-956-gcec3b41aec (webtiles) character file.

Game seed: 7277755460287580150

90 Dirtsage the Chopper (level 4, -3/35 HPs)
             Began as a Demonspawn Fighter on Mar 29, 2023.
             Was an Initiate of Makhleb.
             Succumbed to an orc's poison
             ... on level 3 of the Dungeon.
             The game lasted 00:01:54 (1660 turns).

Dirtsage the Chopper (Demonspawn Fighter)           Turns: 1660, Time: 00:01:54

Health: -3/35      AC:  8    Str: 19    XL:     4   Next: 32%
Magic:  4/4        EV:  6    Int:  9    God:    Makhleb [......]
Gold:   132        SH:  4    Dex: 12    Spells: 3/3 levels left

rFire   . . .      SeeInvis .    a - +0 war axe
rCold   . . .      Faith    .    c - +0 buckler
rNeg    . . .      Spirit   .    l - +0 chain mail
rPois   .          Reflect  .    (no helmet)
rElec   .          Rampage  .    (no cloak)
rCorr   .                        (no gloves)
Will    .....                    (no boots) Stlth
                                 (no amulet)
HPRegen 0.25/turn                (no ring)
MPRegen 0.09/turn                (no ring)

@: lethally poisoned (-3 -> -16), attractive
A: weakness stinger 1
a: Renounce Religion


You were on level 3 of the Dungeon.
You worshipped Makhleb.
Makhleb was noncommittal.
You visited 1 branch of the dungeon, and saw 3 of its levels.

You collected 132 gold pieces.

Inventory:

Hand Weapons
 a - a +0 war axe (weapon)
Armour
 b - a +0 scale mail
 c - a +0 buckler (worn)
 l - a +0 chain mail (worn)
 q - a scarf of harm
Magical Staves
 m - a staff of earth
Scrolls
 e - 4 scrolls of identify {unknown}
 f - 4 scrolls of teleportation {unknown}
 h - a scroll of amnesia {unknown}
 j - a scroll of enchant armour {unknown}
 k - a scroll of noise {unknown}
 p - a scroll of vulnerability {unknown}
Potions
 d - a potion of might
 g - 3 potions of brilliance {unknown}
 i - 4 potions of attraction
 n - 2 potions of heal wounds {unknown}
 o - 3 potions of mutation {unknown}
 r - a potion of degeneration {unknown}
 s - a potion of curing {unknown}


   Skills:
 - Level 3.0 Fighting
 + Level 4.2 Axes
 - Level 2.6 Armour
 - Level 2.6 Shields


You had 3 spell levels left.
You didn't know any spells.
Your spell library contained the following spells:

 Spells                   Type           Power      Damage    Failure   Level
 Dazzling Flash           Conj/Hex       0%         N/A       100%        3
 Agony                    Necr           0%         N/A       100%        5
 Silence                  Hex/Air        0%         N/A       100%        5


Dungeon Overview and Level Annotations

Branches:
Dungeon (3/15)

Altars:
Makhleb


Innate Abilities, Weirdness & Mutations

You have a small tail.


Message History

The orc wizard hits you but does no damage.
You take 3 damage, and have 28/35 hp.
You feel sick. The orc hits you but does no damage.
You are more poisoned.
You take 2 damage, and have 26/35 hp.
The orc attacks as you move away! The orc hits you but does no damage.
You are more poisoned.
You feel very sick.
You take 4 damage, and have 22/35 hp.
You closely miss the orc wizard.
The orc wizard is moderately wounded.
You miss the orc.
You feel very sick.
The orc wizard hits you but does no damage.
The orc hits you with a +0 short sword of venom.
You are lethally poisoned!
You take 7 damage, and have 15/35 hp.
The orc wizard attacks as you move away!
The orc wizard hits you but does no damage.
* * * LOW HITPOINT WARNING * * *
You feel very sick. The orc wizard casts a spell at you.
The magic dart hits you.
* * * LOW HITPOINT WARNING * * *
You take 7 damage, and have 8/35 hp.
You feel less confused.
* * * LOW HITPOINT WARNING * * *
You feel very sick.
You take 4 damage, and have 4/35 hp.
It was a potion of attraction.
You feel attractive to monsters.
* * * LOW HITPOINT WARNING * * *
You feel very sick. The orc wizard is attracted toward you.
You take 3 damage, and have 1/35 hp.
You hit the orc wizard.
The orc wizard is heavily wounded.
You barely miss the orc. You hit the orc.
You kill the orc!
Makhleb accepts your kill.
You die...

.....###... ......#
### .......##.# ....##
..........## ....#
.........#.###....###
###†.!#.##.......# ###
#.....#.#........ ...
#.#..§........... ###
# #.oo#.....####
#..@).......#
##..#.#.###.#
.....(.># #
#####.#.#.# .#
..........# .#
#####.#.##########.#
...................#
########..(........###
#..............


You could see an orc wizard and an orc.

Vanquished Creatures
  Jessica (D:2)
  3 adders
  A dart slug (D:3)
  2 orcs (D:3)
  2 endoplasms (D:2)
  3 giant cockroaches
  3 hobgoblins (D:1)
  3 jackals (D:3)
  4 kobolds
  A quokka (D:3)
  5 ball pythons (D:1)
  2 bats
  4 frilled lizards
  A goblin (D:1)
  A rat (D:3)
36 creatures vanquished.

Notes
Turn   | Place    | Note
-------+----------+-------------------------------------------
     0 | D:1      | Dirtsage the Demonspawn Fighter began the quest for the
                  | Orb.
     0 | D:1      | Reached XP level 1. HP: 18/18 MP: 1/1
    51 | D:1      | Reached skill level 2 in Axes
   249 | D:1      | Gained mutation: You have a small tail. [demonic ancestry]
   249 | D:1      | Reached XP level 2. HP: 24/24 MP: 2/2
   768 | D:2      | Reached skill level 3 in Axes
   822 | D:2      | Reached XP level 3. HP: 29/29 MP: 3/3
  1101 | D:2      | Found a burning altar of Makhleb.
  1131 | D:2      | Noticed Jessica
  1138 | D:2      | Killed Jessica
  1166 | D:2      | Became a worshipper of Makhleb the Destroyer
  1445 | D:2      | Found a faded altar of an unknown god.
  1595 | D:3      | Reached skill level 4 in Axes
  1595 | D:3      | Reached XP level 4. HP: 31/35 MP: 4/4
  1659 | D:3      | HP: 1/35 [poisoned by an orc]
  1660 | D:3      | Succumbed to an orc's poison

Illustrated notes

Levels and vault maps discovered:
D:1:      elethiomel_arrival_quiet, layout_basic, minmay_tiny_reverse_x
D:2:      layout_loops_ring, dreamdust_ecumenical_altar_angels_and_demons,
          basic_altar, uniq_jessica
D:3:      layout_basic, serial_shops, shop

Skill      XL: |  1  2  3 |
---------------+----------+-----
Axes           | 2 3 4 |  4.2
Fighting       | |  3.0
Armour         | |  2.6
Shields        | |  2.6

Action                     |  1- 3 |  4- 6 || total
---------------------------+-------+-------++-------
  Melee: War axe           |    76 |    14 ||    90
         Tailslap          |     6 |     2 ||     8
    Use: Potion            |       |     1 ||     1
 Armour: Scale mail        |    19 |       ||    19
         Chain mail        |    36 |    10 ||    46
  Dodge: Dodged            |    33 |     8 ||    41
  Block: Buckler           |    15 |     3 ||    18

Table legend: (Time is in decaauts)
 A = Elapsed time spent in this place.
 B = Non-inter-level travel time spent in this place.
 C = Inter-level travel time spent in this place.
 D = Time resting spent in this place.
 E = Time spent auto-exploring this place.
 F = Levels seen in this place.
 G = Mean time per level.
                   A        B        C        D        E       F      G
               +--------+--------+--------+--------+--------+-----+--------+
         Total |   1694 |   1628 |     66 |      0 |   1375 |   3 |  564.7 |
       Dungeon |   1694 |   1628 |     66 |      0 |   1375 |   3 |  564.7 |
               +--------+--------+--------+--------+--------+-----+--------+

Top non-repeatable levels by time:
     D:2: 763 daAuts
     D:1: 747 daAuts
     D:3: 183 daAuts
